 Dungeon Crawl Stone Soup version 0.21.1-1-g345015f (webtiles) character file.

109 diana the Insei (level 4, -2/21 HPs)
             Began as a Vine Stalker Transmuter on May 27, 2018.
             Killed by divine providence
             ... invoked by an orc priest
              (10 damage)
             ... on level 3 of the Dungeon.
             The game lasted 00:07:30 (2614 turns).

diana the Insei (Vine Stalker Transmuter)           Turns: 2614, Time: 00:07:31

Health: -2/21      AC:  7    Str: 13    XL:     4   Next: 90%
Magic:  0/8        EV: 12    Int: 13    God:
Gold:   87         SH:  0    Dex: 15    Spells: 6/7 levels left

rFire    . . .     SeeInvis .     - Unarmed
rCold    . . .     Gourm    +   (no shield)
rNeg     . . .     Faith    .   o - +1 animal skin
rPois    .         Spirit   +   p - +2 helmet
rElec    .         Reflect  .   (no cloak)
rCorr    .         Harm     .   e - +0 pair of gloves
MR       .....                  (boots currently unavailable)
Stlth    +.........             a - amulet of the gourmand
HPRegen  0.47/turn              (no ring)
MPRegen  0.11/turn              (no ring)

@: appendage (expiring)
A: fangs 2, talons 3, regeneration 1, magic shield, antimagic bite, no potion
heal 3, rot immunity
a: End Transformation


You were on level 3 of the Dungeon.
You were not hungry.
You had grown temporary talons.
You visited 1 branch of the dungeon, and saw 3 of its levels.

You collected 87 gold pieces.

Inventory:

Armour
 e - a +0 pair of gloves (worn)
 n - a +2 hat
 o - a +1 animal skin (worn)
 p - a +2 helmet (worn)
Jewellery
 a - an amulet of the gourmand (around neck)
Scrolls
 f - a scroll of noise {unknown}
 g - 6 scrolls of identify {unknown}
 i - 4 scrolls of random uselessness {unknown}
 k - 2 scrolls of remove curse {unknown}
 l - a scroll of fog {unknown}
 r - a scroll of amnesia {unknown}
 s - a scroll of teleportation {unknown}
Potions
 b - a potion of haste {unknown}
 h - a potion of ambrosia {unknown}
 j - a potion of heal wounds {unknown}
 m - 2 potions of curing {unknown}
 q - a potion of lignification {unknown}
 t - 2 potions of degeneration {unknown}
Books
 c - a book of Changes

   Spells                             Type                      Level
   a - Beastly Appendage              Transmutation                1
   b - Sticks to Snakes               Transmutation                2
   c - Spider Form                    Transmutation/Poison         3
   d - Ice Form                       Ice/Transmutation            4
   e - Blade Hands                    Transmutation                5
Comestibles
 d - 6 rations


   Skills:
 - Level 0.8 Fighting
 - Level 1.5 Dodging
 + Level 5.4 Unarmed Combat
 - Level 2.1 Spellcasting
 - Level 2.0 Transmutations


You had 6 spell levels left.
You knew the following spells:

 Your Spells              Type           Power        Failure   Level  Hunger
a - Beastly Appendage     Tmut           #.....       11%         1    ##.....


Dungeon Overview and Level Annotations

Branches:
Dungeon (3/15)

Altars:
Elyvilon


Innate Abilities, Weirdness & Mutations

You have extremely sharp teeth.
Your natural rate of healing is unusually fast.
When hurt, damage is shared between your health and your magic reserves.
Your bite disrupts and absorbs the magic of your enemies.
Potions cannot restore your health.
You are immune to rotting.
You have claws for feet.


Message History

The orc barely misses you.
You hit the orc but do no damage. You bite the orc, but do no damage.
The orc is heavily wounded.
The orc barely misses you. The orc misses you.
You barely miss the orc. You bite the orc, but do no damage.
The orc is moderately wounded.
The orc barely misses you. The orc hits you.
You punch the orc!
You kill the orc!
You barely miss the orc priest. Your kick misses the orc priest.
The orc closely misses you.
The orc priest calls down the wrath of Beogh upon you.
Beogh smites you!
Ouch! That really hurt!
You barely miss the orc priest.
You claw the orc priest, but do no damage.
The orc closely misses you.
The orc priest mumbles some strange prayers to Beogh against you.
Beogh smites you!
You die...

..............##
...............#
########.....#.##
.............#..#
.
########....###.#
.. #....# #.##
... #....# #..#
.... ###### ##.#
..... #@#......
#oo......
##....... .......
#...... .>....
#..... ..$..
....<


You could see an orc priest and an orc.

Vanquished Creatures
  An orc priest (D:3)
  Robin (D:2)
  An adder (D:3)
  A dart slug (D:2)
  5 leopard geckos
  An orc (D:3)
  A ball python (D:2)
  2 giant cockroaches
  5 hobgoblins
  8 bats
  A frilled lizard (D:1)
  18 goblins
  3 kobolds (D:1)
48 creatures vanquished.

Notes
Turn   | Place    | Note
-------+----------+-------------------------------------------
     0 | D:1      | diana the Vine Stalker Transmuter began the quest for the Orb.
     0 | D:1      | Reached XP level 1. HP: 9/9 MP: 4/4
   205 | D:1      | Reached XP level 2. HP: 11/14 MP: 4/6
   900 | D:1      | Reached skill level 4 in Unarmed Combat
  1286 | D:2      | Reached XP level 3. HP: 15/17 MP: 7/7
  1327 | D:2      | Noticed Robin
  1967 | D:2      | Killed Robin
  1967 | D:2      | Gained mutation: Your natural rate of healing is unusually fast. [Vine Stalker growth]
  1967 | D:2      | Reached XP level 4. HP: 15/21 MP: 5/8
  2016 | D:2      | Found a white marble altar of Elyvilon.
  2519 | D:3      | Reached skill level 5 in Unarmed Combat
  2614 | D:3      | Killed from afar by an orc priest

Skill      XL: |  1  2  3  4 |
---------------+-------------+-----
Unarmed Combat | 4 5 |  5.4
Fighting       | |  0.8
Dodging        | |  1.5
Spellcasting   | |  2.1
Transmutations | |  2.0

Action                   |  1- 3 |  4- 6 || total
-------------------------+-------+-------++-------
Melee: Unarmed           |   129 |    31 ||   160
       Bite              |    23 |     6 ||    29
       Punch             |     3 |     1 ||     4
       Headbutt          |     2 |       ||     2
       Kick              |     6 |     2 ||     8
 Cast: Beastly Appendage |     5 |     2 ||     7
 Stab: Sleeping          |     1 |       ||     1
  Eat: Chunk             |     5 |     3 ||     8
Armor: Robe              |    60 |       ||    60
       Animal skin       |       |     9 ||     9
Dodge: Dodged            |   119 |    23 ||   142
